 Dungeon Sprint DCSS version 0.17-a0-1951-g62301d3 (webtiles) character file.

375 kosy22 the Grappler (level 6, -12/71 HPs)
             Began as a Troll Berserker on Oct 2, 2015.
             Was an Elder of Trog.
             Mangled by an orc warrior
             ... wielding a +0 scimitar
              (23 damage)
             ... in the Dungeon (Sprint IX: "|||||||||||||||||||||||||||||").
             The game lasted 00:01:05 (153 turns).

kosy22 the Grappler (Troll Berserker)                Turns: 153, Time: 00:01:05

Health: -12/71     AC:  5    Str: 28    XL:     6   Next: 44%
Magic:  5/5        EV: 14    Int:  3    God:    Trog [****..]
Gold:   0          SH:  0    Dex:  9    Spells: 0 memorised, 5 levels left

rFire  . . .     SeeInvis .     q - +4 quarterstaff (speed)
rCold  . . .     Clarity  .     a - +0 animal skin
rNeg   . . .     SustAt   .     (no shield)
rPois  .         Gourm    +     (helmet restricted)
rElec  .         Spirit   .     (no cloak)
rCorr  .         Warding  .     (gloves unavailable)
rMut   .         NoTele   +     (boots unavailable)
MR     .....                    (no amulet)
Stlth  +.........               (no ring)
                                l - +2 ring of evasion

@: not resistant to hostile enchantments, very unstealthy
A: unfitting armour, claws 3, fast metabolism 3, gourmand, regeneration 2,
shaggy fur 1, tough skin 2
a: Burn Spellbooks, Berserk, Trog's Hand, Brothers in Arms, Renounce Religion


You were in the Dungeon.
You worshipped Trog.
Trog was greatly pleased with you.
You were not hungry.

You visited 1 branch

Inventory:

Hand weapons
 o - the +1 eveningstar "Brilliance" {holy, rN+ AC+5 Int+5}
   (You found it in the Dungeon)

   It has been blessed by the Shining One to cause great damage to the undead
   and demons.
   It affects your AC (+5).
   It affects your intelligence (+5).
   It protects you from negative energy.
 p - a +2 halberd of protection
 q - a +4 quarterstaff of speed (weapon)
Armour
 a - a +0 animal skin (worn)
 n - a +0 cloak
Jewellery
 l - a +2 ring of evasion (left claw)
 m - a +3 ring of intelligence
Magical devices
 k - a wand of cold (7)
Scrolls
 h - 2 scrolls of blinking
 j - 3 scrolls of remove curse
Potions
 c - 5 potions of curing
 d - 3 potions of heal wounds
 e - a potion of haste
 f - 4 potions of magic
 g - a potion of berserk rage
 i - a potion of invisibility
Comestibles
 b - 2 bread rations


   Skills:
 + Level 7.0 Fighting
 + Level 1.9 Staves
 + Level 7.1 Dodging
 + Level 8.3 Unarmed Combat


You had 5 spell levels left.
You didn't know any spells.

Dungeon Overview and Level Annotations

Branches:
Dungeon (1/1)

Altars:
Cheibriados
Dithmenos
Elyvilon
Fedhas
Gozag
Kikubaaqudgha
Makhleb
Nemelex Xobeh
Okawaru
Qazlal
Ru
Sif Muna
Trog
Vehumet
Xom
Yredelemnul
Zin
The Shining One
Beogh
Jiyva
Lugonu


Innate Abilities, Weirdness & Mutations

You are too large for most types of armour.
You have claws for hands.
Your metabolism is lightning-fast.
You like to eat raw meat.
You heal very quickly.
You are covered in fur (AC +1).
You have very tough skin (AC +2).


Message History

You hit the orc warrior but do no damage.
The orc warrior hits you but does no damage.
You sock the orc warrior!
The orc warrior is moderately wounded.
You sock the orc warrior!
The orc warrior is severely wounded.
The orc warrior hits you with a scimitar.
* * * LOW HITPOINT WARNING * * *
You hit the orc warrior.
The orc warrior is severely wounded.
The orc warrior barely misses you.
You hit the orc warrior but do no damage.
The orc warrior is severely wounded.
You hit the orc warrior.
The orc warrior is almost dead.
The orc warrior misses you.
You barely miss the orc warrior.
The orc warrior is almost dead.
The orc warrior hits you with a scimitar!!
You die...

▓.▓
▓[▓
▓(▓
▓|▓
▓?▓
▓.▓
▓h▓
▓o▓
▓@▓
▓_▓
▓_▓
▓_▓
▓_▓
▓_▓
▓_▓
▓_▓
▓_▓


You could see an orc warrior and a hound.

Vanquished Creatures
  A wyvern (D)
  A phantom (D)
  A big kobold (D)
  A giant frog (D)
  A shadow imp (D)
  A hobgoblin (D)
  3 quokkas (D)
  A giant gecko (D)
  A goblin (D)
  3 kobolds (D)
14 creatures vanquished.

Notes
Turn   | Place    | Note
--------------------------------------------------------------
     0 | D        | kosy22 the Troll Berserker began the quest for the Orb.
     0 | D        | Reached XP level 1. HP: 22/22 MP: 0/0
    11 | D        | Acquired Trog's second power
    24 | D        | Reached XP level 2. HP: 22/31 MP: 1/1
    28 | D        | Reached skill level 4 in Unarmed Combat
    33 | D        | Acquired Trog's third power
    39 | D        | Found a glowing silver altar of Zin.
    39 | D        | Found a glowing golden altar of the Shining One.
    39 | D        | Found an ancient bone altar of Kikubaaqudgha.
    39 | D        | Found a basalt altar of Yredelemnul.
    39 | D        | Found a shimmering altar of Xom.
    39 | D        | Found a radiant altar of Vehumet.
    40 | D        | Found an iron altar of Okawaru.
    41 | D        | Found a burning altar of Makhleb.
    42 | D        | Found a deep blue altar of Sif Muna.
    43 | D        | Found a bloodstained altar of Trog.
    44 | D        | Found a sparkling altar of Nemelex Xobeh.
    45 | D        | Found a white marble altar of Elyvilon.
    46 | D        | Found a roughly hewn altar of Beogh.
    47 | D        | Found a viscous altar of Jiyva.
    48 | D        | Found a corrupted altar of Lugonu.
    49 | D        | Found a blossoming altar of Fedhas.
    50 | D        | Found a snail-covered altar of Cheibriados.
    51 | D        | Found a shadowy altar of Dithmenos.
    52 | D        | Found a stormy altar of Qazlal.
    53 | D        | Found an opulent altar of Gozag.
    54 | D        | Found a sacrificial altar of Ru.
    98 | D        | Noticed a hound
    98 | D        | Noticed an orc warrior
    98 | D        | Noticed a giant frog
    98 | D        | Noticed a big kobold
    98 | D        | Noticed a wyvern
    98 | D        | Noticed a phantom
   106 | D        | Killed a phantom
   106 | D        | Reached skill level 5 in Unarmed Combat
   106 | D        | Reached XP level 3. HP: 33/41 MP: 2/2
   106 | D        | Reached XP level 4. HP: 39/49 MP: 3/3
   115 | D        | Killed a wyvern
   115 | D        | Reached skill level 6 in Fighting
   115 | D        | Reached skill level 1 in Staves
   115 | D        | Reached skill level 7 in Unarmed Combat
   115 | D        | Reached XP level 5. HP: 20/59 MP: 4/4
   130 | D        | Killed a big kobold
   130 | D        | Reached skill level 8 in Unarmed Combat
   130 | D        | Reached XP level 6. HP: 22/68 MP: 5/5
   145 | D        | Killed a giant frog
   153 | D        | Mangled by an orc warrior

Vault maps used:
D:        linesprint

Action                   |  1- 3 |  4- 6 || total
-------------------------+-------+-------++-------
Melee: Unarmed           |    21 |       ||    21
       Quarterstaff      |     8 |    34 ||    42
